 Dungeon Crawl Stone Soup version 0.30-a0-859-gf88a04b62d (webtiles) character file.

Game seed: 5224441918303871318

20279 qeuew the Protected (level 13, -5/99 HPs)
             Began as a Formicid Fighter on Mar 6, 2023.
             Was an Elder of Nemelex Xobeh.
             Slain by a skyshark (9 damage)
             ... on level 2 of the Lair of Beasts.
             The game lasted 00:13:49 (9761 turns).

qeuew the Protected (Formicid Fighter)              Turns: 9761, Time: 00:13:52

Health: -5/99      AC: 17    Str: 26    XL:     13   Next: 11%
Magic:  0/19       EV: 10    Int:  8    God:    Nemelex Xobeh [****..]
Gold:   667        SH:  7    Dex: 15    Spells: 12/12 levels left

rFire   . . .      SeeInvis +    f - +10 war axe of Qudonn {vamp, Fragile rPois rN+ Will+}
rCold   . . .      Faith    .    c - +0 buckler
rNeg    + . .      Spirit   +    s - +0 swamp dragon scales "Daotuag" {rPois Str+2}
rPois   +          Reflect  .    (helmet unavailable)
rElec   .          Rampage  +    i - +2 cloak of Ashenzari, Imbibing {Rampage rPois}
rCorr   .                        (no gloves)
Will    ++...                    b - +2 pair of boots {rampage}
Stlth   +                        e - amulet of guardian spirit
HPRegen 0.36/turn                (no ring)
MPRegen 0.16/turn                (no ring)

@: no status effects
A: permanent stasis, dig shafts and tunnels, antennae 3, four strong arms,
hooves 1, wild magic 1, sturdy frame 1
a: Dig, Shaft Self, Renounce Religion, Draw Escape, Draw Destruction, Draw
Summoning, Triple Draw, Deal Four


You were on level 2 of the Lair of Beasts.
You worshipped Nemelex Xobeh.
Nemelex Xobeh was greatly pleased with you.
You visited 2 branches of the dungeon, and saw 12 of its levels.
You also visited: Bailey.

You collected 667 gold pieces.

Inventory:

Hand Weapons
 f - the +10 war axe of Qudonn (weapon) {vamp, Fragile rPois rN+ Will+}
   (You found it on level 3 of the Dungeon)

   rPois:     It protects you from poison.
   rN:        It protects you from negative energy.
   Fragile:   It will be destroyed if unequipped.
   Will:      It increases your willpower.
Missiles
 h - 4 silver javelins (quivered)
Armour
 b - a +2 pair of boots of rampaging (worn)
 c - a +0 buckler (worn)
 i - the +2 cloak of Ashenzari, Imbibing (worn) {Rampage rPois}
   (You found it on level 2 of the Dungeon)

   rPois:     It protects you from poison.
   Rampage:   It bestows one free step when moving towards enemies.
 s - the +0 swamp dragon scales "Daotuag" (worn) {rPois Str+2}
   (You found it in a bailey)

   Str:       It affects your strength (+2).
   rPois:     It protects you from poison.
Jewellery
 e - an amulet of guardian spirit (around neck)
Wands
 j - a wand of polymorph (15)
 k - a wand of paralysis (22)
 o - a wand of iceblast (18)
Scrolls
 n - a scroll of fear
 p - 5 scrolls of enchant weapon
 u - 2 scrolls of fog
Potions
 a - 4 potions of flight
 d - 4 potions of might
 g - 3 potions of resistance
 m - 2 potions of curing
 q - a potion of brilliance
 r - a potion of cancellation
 t - 5 potions of heal wounds
 v - 2 potions of mutation
 z - 2 potions of invisibility
Miscellaneous
 l - a lightning rod (4/4)


   Skills:
 + Level 8.7 Fighting
 * Level 11.0 Axes
 - Level 2.1 Throwing
 * Level 12.1 Armour
 + Level 10.6 Shields
 + Level 8.3 Invocations
 + Level 7.5 Evocations


You had 12 spell levels left.
You didn't know any spells.
Your spell library contained the following spells:

 Spells                   Type           Power      Damage    Failure   Level
 Kiss of Death            Conj/Necr      0%         2d5       61%         1
 Static Discharge         Conj/Air       0%         2-2/arc   73%         2
 Sublimation of Blood     Necr           0%         N/A       73%         2
 Wereblood                Tmut           0%         N/A       73%         2
 Confusing Touch          Hex            0%         N/A       91%         3
 Vhi's Electric Charge    Tloc/Air       0%         N/A       91%         3
 Dispel Undead            Necr           0%         3d6       100%        4
 Arcjolt                  Conj/Air       0%         1d10      100%        5
 Lightning Bolt           Conj/Air       0%         1d11      100%        5
 Summon Hydra             Summ           0%         N/A       100%        7


Dungeon Overview and Level Annotations

Branches:
Dungeon (10/15)            Temple (0/1) D:5            Lair (2/5) D:10
 Bailey (visited)
  Swamp: Lair:2-3    Shoals: Lair:2-3     Snake: Lair:2-3    Spider: Lair:2-3
    Orc: D:9-12

Altars:
Ashenzari
Fedhas
Gozag
Nemelex Xobeh
Okawaru
Sif Muna
Trog
Uskayaw
Vehumet

Shops:
D:7 *[   D:8 =

Annotations:
D:9 3 runed translucent doors, Selderis's ghost, novice GnTm


Innate Abilities, Weirdness & Mutations

You cannot be hasted, slowed, berserked, paralysed or teleported.
You can dig through walls and to a lower floor.
You have a pair of large antennae on your head. (SInv)
Your four strong arms can wield two-handed weapons with a shield.
You have large cloven feet.
Your spells are a little harder to cast, but a little more powerful.
Your movements are slightly less encumbered by armour. (ER -2)


Message History

The skyshark tail-slaps you but does no damage.
You block the skyshark's attack. The skyshark bites you!
The skyshark tail-slaps you but does no damage.
The skyshark closely misses you.
You draw a card...
You have drawn the Rangers.
You block the skyshark's attack. The skyshark tail-slaps you! x2
Your centaur warrior hits the skyshark!
Your centaur warrior closely misses the skyshark.
Your centaur warrior hits the four-headed hydra!
Your centaur warrior kicks the four-headed hydra.
The skyshark closely misses your centaur warrior.
The skyshark tail-slaps your centaur warrior!
The skyshark completely misses your centaur warrior.
The four-headed hydra bites your centaur warrior!
The four-headed hydra closely misses your centaur warrior. x2
The four-headed hydra bites your centaur warrior!
Unknown command.
The skyshark bites your centaur warrior!
The skyshark completely misses your centaur warrior.
The skyshark barely misses your centaur warrior.
Your centaur warrior hits the skyshark.
Your centaur warrior barely misses the skyshark.
Your centaur warrior hits the four-headed hydra!
Your centaur warrior kicks the four-headed hydra.
The four-headed hydra bites your centaur warrior! x2
The four-headed hydra bites your centaur warrior.
The four-headed hydra bites your centaur warrior!
Your centaur warrior dies!
Your centaur warrior's corpse disappears in a puff of smoke!
The skyshark bites your centaur warrior!!
Your centaur warrior dies!
Your centaur warrior's corpse disappears in a puff of smoke!
There is a stone staircase leading up here.
The skyshark bites you!!
* * * LOW HITPOINT WARNING * * *
You block the skyshark's attack. The skyshark tail-slaps you!
* * * LOW HITPOINT WARNING * * *
You block the skyshark's attack. The skyshark tail-slaps you!
You die...
Your body glows with a rainbow of weird colours and disappears.

P..........
#.........#
##........
##......#
#.......# .
##......##
...##..D...##
#.<..l..##
#....@.##
........#.#
........###
......###
....## ....
... ..


You could see a skyshark (berserk) and a four-headed hydra.

Vanquished Creatures
  The ghost of qeuew the Spear-Bearer, a journeyman MfGl of Lugonu (Lair:1)
  An ogre mage (D:10)
  Amaemon (Lair:1)
  Maggie (D:7)
  Joseph (D:7)
  4 cane toads (Lair:1)
  A gargoyle (Bailey)
  4 unseen horror zombies (D:9)
  An orange demon (Lair:1)
  A komodo dragon (Lair:1)
  6 trolls
  8 hornets
  Prince Ribbit (D:6)
  5 blink frogs (Lair:1)
  Sigmund (D:3)
  A vampire (Bailey)
  A wraith (D:9)
  2 wyverns
  28 yaks
  A steam dragon (D:7)
  2 acid dragons (D:10)
  6 water moccasins
  2 floating eyes (D:10)
  4 orc warriors
  2 sky beasts
  An ogre (D:6)
  A wolf (D:10)
  8 centaurs
  A phantom (D:6)
  5 bullfrogs
  A wyvern zombie (D:9)
  A gnoll sergeant (D:10)
  2 scorpions
  7 wights (D:9)
  8 killer bees
  3 electric eels (D:10)
  7 vampire bats (Bailey)
  8 wolf zombies (Bailey)
  6 centaur zombies (D:9)
  2 gnoll boudas
  8 orc priests
  7 hounds
  3 jellies
  A sleepcap (D:5)
  5 iguanas
  9 orc wizards
  A killer bee zombie (D:9)
  5 howler monkey zombies (D:9)
  21 gnolls
  4 adders
  A shadow imp (D:5)
  A white imp (D:8)
  3 ufetubi
  2 worms (D:2)
  31 orcs
  6 endoplasms
  3 giant cockroaches
  7 goblins
  8 hobgoblins
  2 jackals (D:1)
  3 quokkas (D:2)
  8 ball pythons
  6 bats
  3 frilled lizards
  4 kobolds
  21 orc zombies (Bailey)
  8 rats
328 creatures vanquished.

Vanquished Creatures (others)
  An orc wizard (D:8)
  A plant (D:9)
  4 withered plants (D:9)
6 creatures vanquished.

Grand Total: 334 creatures vanquished

Notes
Turn   | Place    | Note
-------+----------+-------------------------------------------
     0 | D:1      | qeuew the Formicid Fighter began the quest for the Orb.
     0 | D:1      | Reached XP level 1. HP: 18/18 MP: 1/1
   238 | D:1      | Reached XP level 2. HP: 24/24 MP: 2/2
   459 | D:1      | Found a faded altar of an unknown god.
   652 | D:2      | Reached XP level 3. HP: 29/29 MP: 3/3
   935 | D:2      | Reached XP level 4. HP: 29/35 MP: 4/4
  1038 | D:2      | Reached skill level 4 in Armour
  1059 | D:2      | Identified the +2 cloak of Ashenzari, Imbibing {Rampage
                  | rPois}
  1483 | D:2      | Reached skill level 1 in Throwing
  1675 | D:3      | Reached XP level 5. HP: 42/42 MP: 5/5
  1744 | D:3      | Identified the +10 war axe of Qudonn {vamp, Fragile rPois
                  | rN+ Will+}
  2016 | D:3      | Noticed Sigmund
  2023 | D:3      | Killed Sigmund
  2024 | D:3      | Reached skill level 5 in Shields
  2024 | D:3      | Reached XP level 6. HP: 44/48 MP: 4/6
  2357 | D:4      | Reached skill level 5 in Armour
  2363 | D:4      | Reached XP level 7. HP: 54/54 MP: 5/7
  2467 | D:4      | Found a radiant altar of Vehumet.
  2470 | D:4      | Found a shimmering blue altar of Sif Muna.
  2470 | D:4      | Found a sparkling altar of Nemelex Xobeh.
  2483 | D:4      | Found a hide-covered altar of Uskayaw.
  2491 | D:4      | Found an iron altar of Okawaru.
  2499 | D:4      | Became a worshipper of Nemelex Xobeh the Trickster
  2610 | D:4      | Found an opulent altar of Gozag.
  2854 | D:5      | Entered Level 5 of the Dungeon
  2918 | D:5      | Found a blossoming altar of Fedhas.
  2944 | D:5      | Reached skill level 1 in Invocations
  2946 | D:5      | Reached skill level 1 in Evocations
  3038 | D:5      | Reached XP level 8. HP: 59/61 MP: 5/9
  3225 | D:5      | Reached * piety under Nemelex Xobeh
  3391 | D:5      | Found a staircase to the Ecumenical Temple.
  3506 | D:6      | Reached skill level 6 in Armour
  3543 | D:6      | Noticed Prince Ribbit
  3552 | D:6      | Killed Prince Ribbit
  3553 | D:6      | Reached skill level 5 in Axes
  3570 | D:6      | Received a gift from Nemelex Xobeh
  3637 | D:6      | Reached skill level 5 in Fighting
  3792 | D:6      | Found a broken altar of Ashenzari.
  3826 | D:6      | Reached XP level 9. HP: 68/68 MP: 11/11
  4018 | D:6      | Reached skill level 7 in Armour
  4038 | D:6      | Reached ** piety under Nemelex Xobeh
  4538 | D:7      | Found Funonoca's Antique Armour Emporium.
  4623 | D:7      | Found Plog's Assorted Antiques.
  4626 | D:7      | Identified the +4 flail of Moderation {distort, Dex+5}
  4645 | D:7      | Noticed Maggie
  4678 | D:7      | Killed Maggie
  4684 | D:7      | Found a flagged portal.
  4699 | Bailey   | Entered a bailey
  4840 | Bailey   | Noticed a gargoyle
  4848 | Bailey   | Killed a gargoyle
  4939 | Bailey   | Reached skill level 8 in Armour
  5094 | Bailey   | Identified the +0 swamp dragon scales "Daotuag" {rPois
                  | Str+2}
  5096 | Bailey   | Identified the +1 robe of Cynicism {Int+5 Dex-2}
  5133 | Bailey   | Reached XP level 10. HP: 75/76 MP: 13/13
  5485 | D:7      | Reached skill level 5 in Invocations
  5605 | D:7      | Received a gift from Nemelex Xobeh
  5778 | D:7      | Noticed Joseph
  5789 | D:7      | Killed Joseph
  5790 | D:7      | Reached skill level 9 in Armour
  6164 | D:7      | Received a gift from Nemelex Xobeh
  6250 | D:7      | Gained mutation: Your spells are a little harder to cast,
                  | but a little more powerful. [potion of mutation]
  6250 | D:7      | Gained mutation: You have large cloven feet. [potion of
                  | mutation]
  6250 | D:7      | Gained mutation: Your movements are slightly less
                  | encumbered by armour. (ER -2) [potion of mutation]
  6303 | D:8      | Found Ishriurch's One-of-a-Kind Rings.
  6355 | D:8      | Reached skill level 5 in Evocations
  6569 | D:8      | Found a bloodstained altar of Trog.
  6577 | D:8      | Identified the +2 robe of Love and Death {rElec rN+ Str-4}
  6589 | D:8      | Reached *** piety under Nemelex Xobeh
  6680 | D:8      | Reached XP level 11. HP: 82/83 MP: 12/15
  7155 | D:9      | Reached skill level 10 in Armour
  7436 | D:9      | Received a gift from Nemelex Xobeh
  7477 | D:9      | Found a runed translucent gate.
  7477 | D:9      | Found a runed translucent gate.
  7477 | D:9      | Found a runed translucent gate.
  7478 | D:9      | Noticed Selderis's ghost (novice GnTm)
  7478 | D:9      | Noticed a nine-headed hydra
  7717 | D:10     | Entered Level 10 of the Dungeon
  7897 | D:10     | Received a gift from Nemelex Xobeh
  7930 | D:10     | Reached XP level 12. HP: 84/92 MP: 7/17
  8078 | D:10     | Noticed an ogre mage
  8093 | D:10     | Reached skill level 11 in Armour
  8093 | D:10     | Killed an ogre mage
  8094 | D:10     | Reached skill level 10 in Axes
  8260 | D:10     | Found a staircase to the Lair.
  8357 | D:10     | Reached skill level 10 in Shields
  8645 | Lair:1   | Entered Level 1 of the Lair of Beasts
  8717 | Lair:1   | Reached **** piety under Nemelex Xobeh
  9271 | Lair:1   | Noticed Amaemon
  9283 | Lair:1   | Killed Amaemon
  9284 | Lair:1   | Reached XP level 13. HP: 89/99 MP: 16/19
  9285 | Lair:1   | Reached skill level 12 in Armour
  9376 | Lair:1   | Found a runed translucent door.
  9377 | Lair:1   | Noticed qeuew's ghost (journeyman MfGl)
  9704 | Lair:1   | Killed qeuew's ghost
  9747 | Lair:2   | Received a gift from Nemelex Xobeh
  9751 | Lair:2   | Noticed a four-headed hydra
  9761 | Lair:2   | HP: 4/99 [skyshark (10)]
  9761 | Lair:2   | Slain by a skyshark

Illustrated notes

Levels and vault maps discovered:
D:1:      evilmike_arrival_crescent, layout_loops_cross,
          chequers_ecumenical_altar_simple
D:2:      minmay_thinvault, layout_basic
D:3:      layout_basic, kennysheep_cross_room, minmay_misc_feat_enclosed,
          uniq_sigmund
D:4:      layout_basic, nicolae_gozag_cash_rules_everything_around_me,
          minmay_overflow_temple_star_hex
D:5:      layout_cave_pools, old_standard_altar, minmay_temple_entry_fiery,
          kennysheep_generic_room_16
D:6:      layout_basic, lemuel_crystal_altar, grunt_decor_fettered,
          minmay_misc_feat_rugged, uniq_prince_ribbit1
D:7:      layout_layer_cave, enter_bailey_4, serial_shops, shop,
          nicolae_shop_trees, st_stairs_7, uniq_joseph, uniq_maggie
D:8:      layout_cave_pools, bloody_trog, nicolae_shop_unique_rings,
          minmay_misc_feat_x, minmay_increasing_density
D:9:      layout_rooms, gammafunk_ghost_hydra_chop, serial_undead,
          serial_undead_b, serial_undead_b, serial_undead_a, serial_undead_e,
          serial_undead_f, serial_undead_a, serial_undead_e, serial_undead_b
D:10:     hellmonk_paralyzer, layout_cave_pools, erik_lair_island
Lair:1:   layout_hall_layers, ebering_ghost_reflecting_pool, uniq_amaemon
Lair:2:   layout_hall_layers, minmay_swamp_entry_eels,
          grunt_forest_large_clearings

Skill      XL: |  1  2  3  4  5  6  7  8  9 10 11 12 13 |
---------------+----------------------------------------+-----
Armour         | 4 5 6 8 9 10 11 12 | 12.1
Throwing       | 1 2 |  2.1
Axes           | 3 4 5 7 8 9 10 11 | 11.0
Fighting       | 4 5 6 7 8 |  8.7
Shields        | 5 6 7 8 9 10 | 10.6
Invocations    | 1 2 4 5 7 8 |  8.3
Evocations     | 1 2 3 5 6 7 |  7.5

Action                     |  1- 3 |  4- 6 |  7- 9 | 10-12 | 13-15 || total
---------------------------+-------+-------+-------+-------+-------++-------
  Melee: War axe           |    52 |   111 |   168 |   521 |    26 ||   878
 Invoke: Draw Summoning    |       |       |       |       |     1 ||     1
    Use: Scroll            |     2 |     6 |     3 |     4 |     3 ||    18
         Potion            |       |     1 |     4 |     2 |       ||     7
 Armour: Scale mail        |    22 |    56 |    79 |       |       ||   157
         Swamp dragon scal |       |       |     4 |   358 |    10 ||   372
  Dodge: Dodged            |    20 |    66 |    77 |   312 |     8 ||   483
  Block: Buckler           |    10 |    27 |    58 |   243 |    15 ||   353

Table legend: (Time is in decaauts)
 A = Elapsed time spent in this place.
 B = Non-inter-level travel time spent in this place.
 C = Inter-level travel time spent in this place.
 D = Time resting spent in this place.
 E = Time spent auto-exploring this place.
 F = Levels seen in this place.
 G = Mean time per level.
                   A        B        C        D        E       F      G
               +--------+--------+--------+--------+--------+-----+--------+
         Total |   9918 |   9600 |    318 |      0 |   7723 |  13 |  762.9 |
       Dungeon |   8021 |   7729 |    292 |      0 |   6285 |  10 |  802.1 |
          Lair |   1118 |   1092 |     26 |      0 |    869 |   2 |  559.0 |
        Bailey |    778 |    778 |      0 |      0 |    569 |   1 |  778.0 |
               +--------+--------+--------+--------+--------+-----+--------+

Top non-repeatable levels by time:
     D:7: 1162 daAuts
  Lair:1: 1104 daAuts
     D:2: 1065 daAuts
    D:10: 938 daAuts
     D:6: 914 daAuts
     D:9: 837 daAuts
  Bailey: 778 daAuts
     D:3: 691 daAuts
     D:5: 651 daAuts
     D:8: 594 daAuts
     D:1: 585 daAuts
     D:4: 581 daAuts
  Lair:2: 13 daAuts
